 Dungeon Crawl Stone Soup version 0.30-a0-578-gdee14c521f (webtiles) character file.

Game seed: 4121014531052357779

21 tkbsonic5 the Covered (level 2, -6/27 HPs)
             Began as an Armataur Fighter on Dec 31, 2022.
             Engulfed by a cloud of flame (12 damage)
             ... on level 1 of the Dungeon.
             The game lasted 00:02:06 (314 turns).

tkbsonic5 the Covered (Armataur Fighter)             Turns: 314, Time: 00:02:06

Health: -6/27      AC:  7    Str: 21    XL:     2   Next: 65%
Magic:  2/2        EV:  7    Int:  8    God:
Gold:   22         SH:  4    Dex:  9    Spells: 1/1 levels left

rFire   . . .      SeeInvis .    d - +4 spear (venom)
rCold   . . .      Faith    .    c - +0 buckler
rNeg    . . .      Spirit   .    b - +0 scale mail
rPois   +          Reflect  .    (no helmet)
rElec   .          Harm     .    (no cloak)
rCorr   .          Roll     +    (no gloves)
Will    .....                    (no barding) Stlth
                                 (no amulet)
HPRegen 0.24/turn                h - ring of poison resistance
MPRegen 0.08/turn                (no ring)

@: no status effects
A: large, rugged brown scales 3, deformed body, armoured tail, roll, long
tongue, awkward tongue
a: no special abilities


You were on level 1 of the Dungeon.
You visited 1 branch of the dungeon, and saw 1 of its levels.

You collected 22 gold pieces.

Inventory:

Hand Weapons
 a - a +0 flail
 d - a +4 spear of venom (weapon)
Armour
 b - a +0 scale mail (worn)
 c - a +0 buckler (worn)
Jewellery
 h - a ring of poison resistance (left hand)
Scrolls
 f - a scroll of identify {unknown}
 j - a scroll of noise {unknown}
Potions
 g - a potion of degeneration {unknown}


   Skills:
 * Level 3.0 Fighting
 + Level 2.1 Maces & Flails
 * Level 0.4 Polearms
 + Level 3.8 Armour
 + Level 3.4 Shields


You had one spell level left.
You didn't know any spells.
Your spell library was empty.

Dungeon Overview and Level Annotations

Branches:
Dungeon (1/15)

Altars:


Innate Abilities, Weirdness & Mutations

You are completely covered in rugged brown scales. (AC +3, +7% HP)
Armour fits poorly on your strangely shaped body.
You have a long armoured tail.
You roll when moving toward enemies. (Rampage)
Your long tongue fully drains potion bottles. (2x potion effects)
Your tongue gives you trouble enunciating. (1.5x scroll delay)


Message History

A rat and a hobgoblin come into view.
Found a pair of boots.
Found a faded altar of an unknown god.
You roll towards the rat!
The rat bites you but does no damage.
You puncture the rat!
You kill the rat!
You roll towards the hobgoblin!
You closely miss the hobgoblin.
The hobgoblin hits you but does no damage.
You barely miss the hobgoblin.
The hobgoblin hits you but does no damage.
You closely miss the hobgoblin. You tail-slap the hobgoblin.
You kill the hobgoblin!
You see here a hobgoblin corpse.
You see here a +0 pair of boots.
There is an empty arch of ancient stone here.
j - a scroll labelled LOHUGG WUARA A ball python comes into view.
The ball python hisses angrily.
As you slowly read the scroll labelled SEDISA HIEW ROLU, it crumbles to dust.
It is a scroll of enchant weapon.
Your +2 spear of venom glows red for a moment.
As you slowly read the scroll of enchant weapon, it crumbles to dust.
Your +3 spear of venom glows red for a moment.
You barely miss the ball python.
The ball python bites you but does no damage.
You barely miss the ball python. You tail-slap the ball python.
You kill the ball python!
You open the door.
There is an open door here.
A bat comes into view.
As you slowly read the scroll labelled ZYABBE SASOO, it crumbles to dust.
The creatures around you are filled with an inner flame!
It was a scroll of immolation.
The bat hits you but does no damage.
You puncture the bat!
The bat explodes!
The fiery explosion engulfs you!!
Ouch! That really hurt!
* * * LOW HITPOINT WARNING * * *
You are engulfed in blazing flames.
You die...

##### #...
#############.#######
............§@§......
........#####§#####.#
........'...§.§.
........#####.###
........#####.#
#...####...##.# ..##
###...##.#
######.....+..#
#..........# ##


There were no monsters in sight!

Vanquished Creatures
  A gnoll (D:1)
  2 bats (D:1)
  An endoplasm (D:1)
  A goblin (D:1)
  3 hobgoblins (D:1)
  A ball python (D:1)
  2 kobolds (D:1)
  A rat (D:1)
12 creatures vanquished.

Notes
Turn   | Place    | Note
-------+----------+-------------------------------------------
     0 | D:1      | tkbsonic5 the Armataur Fighter began the quest for the Orb.
     0 | D:1      | Reached XP level 1. HP: 19/19 MP: 1/1
    13 | D:1      | Reached XP level 2. HP: 26/26 MP: 2/2
   261 | D:1      | Found a faded altar of an unknown god.
   314 | D:1      | Engulfed by a cloud of flame

Illustrated notes

Levels and vault maps discovered:
D:1:      dpeg_arrival_oval, layout_basic, hellmonk_ecumenical_altar_arch_garden

Skill      XL: |  1  2 |
---------------+-------+-----
Maces & Flails | 2 |  2.1
Fighting       | 3 |  3.0
Polearms       | |  0.4
Armour         | |  3.8
Shields        | |  3.4

Action                   || total
-------------------------++-------
Melee: Flail             ||     1
       Spear             ||    29
       Tailslap          ||     3
  Use: Potion            ||     1
       Scroll            ||     3
Armor: Scale mail        ||    16
Dodge: Dodged            ||     5
Block: Buckler           ||     2

Table legend: (Time is in decaauts)
 A = Elapsed time spent in this place.
 B = Non-inter-level travel time spent in this place.
 C = Inter-level travel time spent in this place.
 D = Time resting spent in this place.
 E = Time spent auto-exploring this place.
 F = Levels seen in this place.
 G = Mean time per level.
                   A        B        C        D        E       F      G
               +--------+--------+--------+--------+--------+-----+--------+
         Total |    318 |    318 |      0 |      0 |    236 |   1 |  318.0 |
       Dungeon |    318 |    318 |      0 |      0 |    236 |   1 |  318.0 |
               +--------+--------+--------+--------+--------+-----+--------+

Top non-repeatable levels by time:
     D:1: 318 daAuts
